[Event "Early-Titled-Tuesday-Blitz-August-29-2023"]
[Site "Chess.com"]
[Date "2023.08.29"]
[Round "4"]
[White "LangesNasenhaar"]
[Black "WildTricks"]
[Result "0-1"]
[WhiteElo "2465"]
[BlackElo "2652"]
[TimeControl "180+1"]
[EndTime "8:40:56 PDT"]
[Termination "WildTricks won on time"]

1. d4 Nf6 2. Nc3 e6 3. e4 d5 4. Qd3 dxe4 5. Nxe4 Nbd7 6. Nxf6+ Nxf6 7. Nf3 Bd6 8. g3 b6 9. Bg2 Bb7 10. O-O O-O 11.
Rd1 c5 12. c3 Qc7 13. Bg5 Ne4 14. Be3 Rfd8 15. Qc2 Rac8 16. dxc5 Bxc5 17. Bxc5 Qxc5 18. Ng5 Qxg5 19. Bxe4 Bxe4 20. Qxe4 g6 21. h4 Qb5 22. Qc2 Qc4 23. Rd2 h5 24. a3 Rxd2 25. Qxd2 Rc5 26. Rd1 Rd5 27. Qc2 Rxd1+ 28. Qxd1 Kg7 29. Qd2 e5 30. Qe3 e4 31. f3 exf3 32. Qxf3 Qb3 33. Qe2 Qd5 34. Kf2 Qf5+ 35. Qf3 Qc2+ 36. Qe2 Qf5+ 37. Qf3 Qe6 38. Qd3 Qe5 39. Kg2 b5 40. b3 a5 41. c4 bxc4 42. bxc4 a4 43. Kf3 Qf6+ 44. Kg2 Qb2+ 45. Kh3 Qb3 46. Qd4+ Kh7 47. Qf4 Kg8 48. c5 Qxa3 49. c6 Qa1 50. Kg2 Qb2+ 51. Qf2 Qc3 52. Qb6 Qc2+ 53. Kf3 a3 54. c7 Qc3+ 55.
Ke4 a2 56. Qb8+ Kg7 57. c8=Q Qxc8 58. Qxc8 a1=Q 59. Qc4 Qf6 60. Qc5 Qe6+ 61. Kf3 Kf6 62. Kg2 Qf5 63. Qc6+ Kg7 64. Qc3+ Qf6 65. Qc4 Qe6 66.
Qd4+ Qf6 67. Qc4 Kh7 68. Qb3 Kg8 69. Qc4 Qe7 70. Qb3 Qe2+ 71. Kh3 Qf2 72. Qd5 Qg1 0-1

[Event "Early-Titled-Tuesday-Blitz-August-29-2023"]
[Site "Chess.com"]
[Date "2023.08.29"]
[Round "4"]
[White "sergoy"]
[Black "Dedic8"]
[Result "1/2-1/2"]
[WhiteElo "2947"]
[BlackElo "2832"]
[TimeControl "180+1"]
[EndTime "8:41:14 PDT"]
[Termination "Game drawn by repetition"]

1. d4 Nf6 2. c4 e6 3. Nf3 d5 4. Nc3 Bb4 5. Qa4+ Nc6 6. a3 Bxc3+ 7. bxc3 O-O 8. cxd5 exd5 9. Bg5 Qd6 10. Bxf6 Qxf6 11.
e3 Qg6 12. Qd1 h6 13. h3 Qf6 14. Bd3 Bf5 15. O-O Rfe8 16. Rb1 Bxd3 17. Qxd3 b6 18. c4 Ne7 19. cxd5 Nxd5 20. Rbc1 Rad8 21. Qb5 Qd6 22. a4 Ne7 23. Rc2 c6 24. Qa6 Rd7 25. Rfc1 Rc7 26. a5 Rb8 27. Ne5 Qe6 28. Nd3 Nd5 29.
axb6 axb6 30. Qa4 Rbc8 31. Qb3 Qe4 32. Ra2 c5 33. dxc5 bxc5 34. Qc4 Qxc4 35. Rxc4 Nb6 36. Rc1 c4 37. Nb4 c3 38. Kf1 Rc4 39. Nd3 Nd5 40.
Ke2 Nf6 41. f3 Nd5 42. e4 Nb4 43. Nxb4 Rxb4 44. Rac2 Rb3 45. Kd3 Rd8+ 46. Kc4 Ra3 47. Rxc3 Ra2 48. R1c2 Rd2 49. Rxa2 Rxa2 50. g3 Rh2 51. h4 Rg2 52. f4 g5 53. hxg5 hxg5 54. f5 Rd2 55. Rd3 Ra2 56. Kd4 Kg7 57. Ke5 Ra5+ 58.
Rd5 Ra6 59. g4 Ra4 60. Rd8 Ra5+ 61. Rd5 Ra4 62. Rc5 Rb4 63. Kd5 Ra4 64. Rc8 Ra5+ 65. Kd6 Ra6+ 66. Rc6 Ra4 67. e5 Rxg4 68. Rc7 Rd4+ 69.
Ke7 Rd5 70. f6+ Kg6 71. e6 Re5 72. Rc6 g4 73. Kf8 fxe6 74. f7 Rf5 75. Rxe6+ Kg5 76. Kg7 Rxf7+ 77. Kxf7 g3 78. Rg6+ Kf4 79. Ke6 Kf3 80.
Rf6+ Ke2 81. Rg6 Kf2 82. Rf6+ Ke2 83. Rg6 Kf2 84. Rf6+ Ke2 1/2-1/2

[Event "Early-Titled-Tuesday-Blitz-August-29-2023"]
[Site "Chess.com"]
[Date "2023.08.29"]
[Round "4"]
[White "IPAchess"]
[Black "Doraemon7"]
[Result "0-1"]
[WhiteElo "2346"]
[BlackElo "2647"]
[TimeControl "180+1"]
[EndTime "8:41:19 PDT"]
[Termination "Doraemon7 won by resignation"]

1. d4 d5 2. c4 c6 3. Nf3 Nf6 4. Nc3 e6 5. Bg5 h6 6. Bxf6 Qxf6 7. e3 g6 8. Be2 Bg7 9. O-O O-O 10. e4 dxe4 11.
Nxe4 Qe7 12. Re1 Rd8 13. Qc2 b6 14. Rad1 Nd7 15. Bf1 Bb7 16. c5 Nf6 17. Nd6 Nd5 18. Ne5 bxc5 19. dxc5 Rxd6 20. cxd6 Qxd6 21. Nc4 Qc7 22. Ne3 Qb6 23. b3 c5 24. Bc4 Bd4 25. Ng4 Qc6 26. Bf1 h5 27. Ne5 Qc7 28. Nf3 Bf6 29.
Rc1 Rc8 30. Red1 Nc3 31. Re1 Kg7 32. Qd2 Bxf3 33. gxf3 Nd5 34. Rc4 Be5 35. h3 Bf4 36.
Qe2 Qe7 37. Bg2 Qf6 38. Qe4 Bd6 39. Rd1 Bb8 40. Rxd5 exd5 41. Qxd5 Bd6 42. Re4 Rd8 43. Qc4 Qa1+ 44. Bf1 Qf6 45. Kg2 Qg5+ 46. Kh1 Rd7 47.
Qc3+ Kh7 48. h4 Qf5 49. Kg2 Be7 50. Bd3 Qf6 51. Qxf6 Bxf6 52. Bc4 Bd4 53. Re8 Kg7 54. Rc8 Bf6 55. f4 Rd2 56. Kf3 Bd4 57. Ke4 Rxf2 58.
Rc7 Rxa2 59. Rxf7+ Kh6 60. Rf8 Ra1 61. Rg8 Re1+ 62. Kd3 Rf1 63. Bf7 Rg1 64. f5 gxf5 65.
Ra8 Rg3+ 66. Kc4 Rg4 67. Kd5 Rxh4 68. Rxa7 Kg5 69. Ra6 Rh3 70. Rg6+ Kf4 71. Be6 Rxb3 72. Rg8 Re3 73. Rf8 Re5+ 74. Kd6 h4 75. Rh8 Kg3 76. Rg8+ Kh2 77. Bd5 h3 78. Rh8 Re3 79. Rg8 Rg3 80. Re8 Kg1 81. Re1+ Kf2 82. Rh1 f4 83. Ke6 f3 84.
Kf5 Ke3 85. Re1+ Kf2 86. Rd1 Kg2 87. Kf4 h2 88. Rd2+ Bf2 89. Rc2 h1=Q 0-1

[Event "Early-Titled-Tuesday-Blitz-August-29-2023"]
[Site "Chess.com"]
[Date "2023.08.29"]
[Round "4"]
[White "FGHSMN"]
[Black "Brave_spirit12"]
[Result "1/2-1/2"]
[WhiteElo "2943"]
[BlackElo "2832"]
[TimeControl "180+1"]
[EndTime "8:41:20 PDT"]
[Termination "Game drawn - insufficient material"]

1. e4 e6 2. d4 d5 3. Nc3 Nf6 4. e5 Nfd7 5. Nce2 c5 6. c3 Nc6 7. f4 cxd4 8. cxd4 f6 9. Nf3 Bb4+ 10. Bd2 Bxd2+ 11. Qxd2 fxe5 12. fxe5 O-O 13. Nc3 Rxf3 14.
gxf3 Qh4+ 15. Qf2 Nxd4 16. Bg2 Nc2+ 17. Ke2 Qc4+ 18. Kd2 Nxa1 19. Rxa1 Nxe5 20. Qe3 Qc7 21. Bf1 Bd7 22. Re1 Nc4+ 23. Bxc4 Qxc4 24. Qe5 Rf8 25. Rg1 Qf4+ 26. Qxf4 Rxf4 27. Rf1 Bc6 28. Ne2 Rh4 29.
Rf2 e5 30. f4 e4 31. Nd4 Rh3 32. Kc2 Bd7 33. b3 Bg4 34. Rg2 Bf3 35. Rg5 e3 36.
Nxf3 Rxf3 37. Kd3 Rxf4 38. Rxd5 Re4 39. Ke2 Re7 40. a4 g6 41. b4 Kg7 42. a5 a6 43. Rd6 h5 44. h4 Kh6 45. Rb6 Kh7 46.
Rd6 Kg7 47. Rb6 Kh6 48. Rd6 Re4 49. Rb6 Rxh4 50. Kxe3 Rc4 51. Rxb7 h4 52. Kf3 g5 53. Rb6+ Kh5 54. Rxa6 Rxb4 55. Ra8 g4+ 56. Kg2 h3+ 57. Kg3 Rb3+ 58. Kh2 Rb2+ 59. Kg3 Rg2+ 60. Kf4 Rf2+ 61. Kg3 Rf3+ 62. Kh2 Rf2+ 63. Kg3 Rg2+ 64. Kf4 Ra2 65. Kg3 Ra3+ 66. Kh2 Kh6 67. a6 Kh7 68. Ra7+ Kg6 69.
Ra8 Ra2+ 70. Kg3 Kg7 71. Ra7+ Kf6 72. Kxg4 h2 73. Rh7 Rxa6 74. Rxh2 Ra4+ 75. Kf3 Ra3+ 76. Ke4 Ra4+ 77. Kd3 Rg4 78. Rf2+ Kg5 79. Re2 Rg3+ 80.
Ke4 Rg4+ 81. Ke5 Rg3 82. Re1 Kg4 83. Re4+ Kf3 84. Kf5 Rg5+ 85. Kxg5 Kxe4 1/2-1/2

[Event "Early-Titled-Tuesday-Blitz-August-29-2023"]
[Site "Chess.com"]
[Date "2023.08.29"]
[Round "4"]
[White "ValentunHulka"]
[Black "rasmussvane"]
[Result "0-1"]
[WhiteElo "2752"]
[BlackElo "2974"]
[TimeControl "180+1"]
[EndTime "8:41:25 PDT"]
[Termination "rasmussvane won by resignation"]

1. e4 c6 2. d4 d5 3. e5 Bf5 4.
Nf3 e6 5. Be2 Ne7 6. c3 Nd7 7. Na3 Ng6 8. Nc2 f6 9. exf6 Qxf6 10. Ne3 Bd6 11. Nxf5 exf5 12. O-O O-O 13. Bd3 Rae8 14. Bg5 Qf7 15. Qc2 h6 16. Bd2 Re4 17. Rae1 Nf6 18. Bc1 Rxe1 19. Rxe1 Ne4 20. Nd2 Nf4 21. Nf1 Nxd3 22. Qxd3 Re8 23. f3 Nf6 24.
Rxe8+ Qxe8 25. Qxf5 Qe1 26. Bf4 Bxf4 27. Qxf4 Nd7 28.
Qc7 Nf8 29. Qxb7 Qa1 30. Qxc6 Qxa2 31. b4 Kh7 32. Ne3 Qe2 33. Nf1 Qa2 34. h3 Ng6 35.
Qe6 Qc4 36. Qf5 Qxc3 37. h4 Qxd4+ 38. Kh2 Qxh4+ 39. Kg1 Qd4+ 40. Kh2 Qxb4 41. Ne3 Qh4+ 42. Kg1 Qe1+ 43. Nf1 d4 44. Qd3 Qc3 45. Qe4 a5 46. f4 d3 47. f5 Ne5 48. f6+ Ng6 49. f7 Qc5+ 50. Ne3 Qf8 51. Qf5 d2 52. Kf2 a4 53.
Ke2 a3 54. Kxd2 a2 55. Nc2 Qd6+ 56. Kc1 Qa3+ 57. Nxa3 a1=Q+ 58. Nb1 Qa8 59. Nd2 Qc6+ 60. Kd1 Qf6 61. Qxf6 gxf6 62. Nc4 Kg7 63. Ne3 Kxf7 64. Ke2 h5 65. Kf2 Ne7 66. Kf3 Kg6 67. Nf1 Nf5 68. Nd2 Nh4+ 69. Kg3 Nf5+ 70. Kf3 Nd6 71. Nf1 Kg5 72.
Ne3 Nf5 73. Nd5 Nd4+ 74. Ke4 Ne6 75. Kf3 f5 76. Ne7 Nd4+ 77. Kg3 Nb5 78. Nd5 Nd6 79. Ne7 Ne4+ 80. Kf3 Nc3 81. Nc6 Nb5 82. Nd8 Nd4+ 83. Kg3 Kf6 84. Nb7 Ne6 85. Nd6 Kg5 86. Nf7+ Kg6 87.
Nd6 Nc5 88. Nc8 Kg5 89. Nd6 Ne4+ 90. Nxe4+ fxe4 91. Kf2 Kf4 92. g3+ Kg4 93. Ke3 Kxg3 94. Kxe4 h4 0-1

[Event "Early-Titled-Tuesday-Blitz-August-29-2023"]
[Site "Chess.com"]
[Date "2023.08.29"]
[Round "4"]
[White "Speshka"]
[Black "NasirAkylbekov"]
[Result "0-1"]
[WhiteElo "2556"]
[BlackElo "2436"]
[TimeControl "180+1"]
[EndTime "8:41:25 PDT"]
[Termination "NasirAkylbekov won by checkmate"]

1. e4 e5 2. Nf3 Nc6 3. Bb5 a6 4.
Ba4 Nf6 5. O-O Be7 6. Re1 b5 7. Bb3 O-O 8. a4 Rb8 9. axb5 axb5 10. d4 d6 11. d5 Nb4 12. c3 Na6 13. Nbd2 Nc5 14.
Bc2 b4 15. Nf1 b3 16. Bb1 Bg4 17. h3 Bh5 18. g4 Bg6 19. Ng3 Qd7 20. Nh4 Ra8 21.
Rxa8 Rxa8 22. Nhf5 Ra1 23. Bg5 Bxf5 24. Nxf5 h6 25. Bh4 Bd8 26. Qf3 Nfxe4 27. Bxd8 Qxd8 28. Qe3 Qg5 29. Qe2 Qd2 30. Kf1 Qf4 31. Bxe4 Rxe1+ 32. Kxe1 Nxe4 33. Ne3 Ng5 34. Qc4 Nxh3 35. Qxf4 Nxf4 36. Kd2 g6 37. c4 h5 38. gxh5 gxh5 39. Nf5 Ng6 40. Kc3 h4 41. Kxb3 h3 42. Kc3 Nf4 43. Kd2 h2 44. Ng3 Kg7 45. Ke3 Kg6 46. Kf3 f5 47. Nh1 Kg5 48. Kg3 e4 49. Kxh2 Nd3 50.
Kg3 Nxb2 51. f4+ exf3 52. Kxf3 Nxc4 53. Nf2 Nb6 54. Ke3 Nxd5+ 55. Kd4 Nf4 56. Nd1 c5+ 57.
Kc4 Kf6 58. Ne3 Ke5 59. Nc2 Ne6 60. Kd3 d5 61. Ne3 c4+ 62. Kd2 Nc5 63. Kc2 Ke4 64. Kd2 Nb3+ 65. Ke2 Nd4+ 66. Kf2 c3 67. Nf1 Kd3 68.
Ne3 c2 69. Nxc2 Kxc2 70. Ke3 Nb3 71. Kf4 d4 72. Kxf5 d3 73. Ke4 d2 74. Kd5 d1=Q+ 75. Kc6 Qd8 76. Kb5 Qd6 77. Ka4 Qa6+ 78. Kb4 Qa5+ 79.
Kc4 Qc5# 0-1

[Event "Early-Titled-Tuesday-Blitz-August-29-2023"]
[Site "Chess.com"]
[Date "2023.08.29"]
[Round "4"]
[White "HamedWafa4"]
[Black "BashirliSaadat"]
[Result "1-0"]
[WhiteElo "2546"]
[BlackElo "2386"]
[TimeControl "180+1"]
[EndTime "8:41:42 PDT"]
[Termination "HamedWafa4 won on time"]

1. e4 c6 2. d4 d5 3. e5 g6 4. Bd3 Bg7 5. Be3 c5 6. c3 cxd4 7. cxd4 Nc6 8. Nc3 h5 9. Nf3 Nh6 10. O-O Nf5 11. a3 O-O 12. Qd2 Nxe3 13. fxe3 Bg4 14. h3 Bxf3 15. Rxf3 e6 16. Raf1 Ne7 17. Ne2 Nf5 18. Bxf5 exf5 19. Nf4 Bh6 20. Rg3 Bxf4 21. Rxf4 Kh7 22. Qe2 Kh6 23. h4 f6 24.
exf6 Qxf6 25. Rg5 Rae8 26. Qf3 Re4 27. Rfxf5 Qxf5 28. Rxf5 Rxf5 29. Qg3 Re7 30. Qb8 a6 31. a4 Kg7 32. a5 Ref7 33. Kh2 Re7 34. b4 Rff7 35.
Qd6 Rd7 36. Qe5+ Kh7 37. Qb8 Rfe7 38. Qc8 Rc7 39. Qd8 Rcd7 40. Qc8 Rc7 41. Qb8 Rcd7 42. Qg3 Rf7 43. Kg1 Rde7 44. Qd6 Rd7 45. Qc5 Rfe7 46. Kf2 Rf7+ 47. Ke2 Rfe7 48. Kd3 Rf7 49. Qb6 Rfe7 50.
b5 axb5 51. Qxb5 Kg7 52. Qb6 Kf7 53. Qb1 Kg7 54. Qf1 Rf7 55. Qc1 Rfe7 56. Qd1 Rf7 57. g4 hxg4 58. Qxg4 Kh6 59. Qg5+ Kh7 60. e4 dxe4+ 61.
Kxe4 Rfe7+ 62. Kd3 Rf7 63. h5 gxh5 64. Qxh5+ Kg7 65.
d5 Rfe7 66. Kd4 Rf7 67. Qg5+ Kh7 68. Kc5 Rc7+ 69. Kb6 Rcd7 70. Qh5+ Kg7 71. Qe5+ Kh7 72. d6 Rg7 73. Kc5 Kh6 74. Qe6+ Kh7 75. Kd5 Kh8 76. Ke5 Kh7 77. Kf5 Rgf7+ 78. Kg5 Rg7+ 79. Kh5 Rgf7 80. Qh6+ Kg8 81. Qg6+ Kh8 82. Qe6 Rh7+ 83. Kg5 Rhg7+ 84. Kf5 Rgf7+ 85. Ke5 Kg7 86. Qg4+ Kh7 87. Ke6 Kh8 88. Qh5+ Kg7 89. Qg5+ Kh8 90. Qh6+ Kg8 91. Qg6+ Kf8 92. Qh6+ Kg8 93. Qh5 Kg7 94. Qb5 Rd8 95.
Qg5+ 1-0

[Event "Early-Titled-Tuesday-Blitz-August-29-2023"]
[Site "Chess.com"]
[Date "2023.08.29"]
[Round "4"]
[White "betta2004"]
[Black "Iball95"]
[Result "1/2-1/2"]
[WhiteElo "2533"]
[BlackElo "2768"]
[TimeControl "180+1"]
[EndTime "8:41:48 PDT"]
[Termination "Game drawn - insufficient material"]

1. e4 c5 2. Nc3 e6 3. Nge2 Nc6 4. d4 cxd4 5. Nxd4 Nf6 6. Ndb5 Bc5 7. Bf4 O-O 8. Bc7 Qe7 9. Bd6 Bxd6 10. Qxd6 Qd8 11.
O-O-O a6 12. Nd4 Ne7 13. Nb3 Ne8 14. Qg3 b5 15. Bd3 Bb7 16. Rhe1 b4 17. Ne2 d6 18. f4 a5 19. Nbd4 Qb6 20. e5 dxe5 21. fxe5 a4 22. Nf4 Ng6 23. Kb1 Nc7 24. Nh5 Rad8 25. Nf3 a3 26. Bxg6 fxg6 27. Nf4 Nd5 28. Nxd5 Bxd5 29. b3 Qc5 30. Nd4 Rd7 31. Qe3 Rc8 32. c4 bxc3 33. Nc2 Qc7 34. g3 Rf8 35. Rf1 Rdf7 36.
Rxf7 Rxf7 37. Nxa3 Rf3 38. Qd4 h5 39. Nc2 Rf5 40.
Re1 Qa5 41. Qb4 Qc7 42. Qd4 Rf8 43. Nb4 Rd8 44. Rc1 Bxb3 45. Qxc3 Qxc3 46. Rxc3 Bd5 47. Nxd5 Rxd5 48. Re3 Kf7 49. Kb2 Rb5+ 50. Kc3 g5 51. a4 Rd5 52. Re2 Ke7 53. Kc4 Kd7 54. Kb4 Kc6 55. Rc2+ Kb6 56. Re2 Rd4+ 57. Kc3 Rxa4 58. Rf2 Ra5 59. Rf7 Rxe5 60. Rxg7 Kc6 61. Kd4 Kd6 62.
Rg8 Rd5+ 63. Ke4 g4 64. Kf4 Rf5+ 65. Ke4 Rf2 66. Rd8+ Ke7 67. Rh8 Rxh2 68. Ke5 Re2+ 69. Kf4 Rf2+ 70. Ke5 Rf5+ 71. Ke4 Ra5 72. Rh7+ Kd6 73.
Rh8 Ra4+ 74. Ke3 Ra3+ 75. Kf4 Rf3+ 76. Ke4 Rxg3 77. Rxh5 Rg1 78. Rh8 Re1+ 79. Kf4 Rg1 80. Ke3 Ke5 81. Rh5+ Kf6 82. Rh8 Kf5 83. Rf8+ Kg5 84.
Re8 Kh4 85. Kf2 Ra1 86. Rxe6 Ra2+ 87. Kg1 Ra1+ 88. Kg2 Ra2+ 89. Kg1 Kh3 90. Re3+ g3 91. Re1 Rg2+ 92. Kh1 Rh2+ 93. Kg1 Rf2 94. Ra1 Rc2 95. Kh1 Rc3 96. Kg1 Re3 97. Rc1 Kg4 98. Rc4+ Kf3 99.
Rc1 Ke2 100. Rc2+ Kd1 101. Ra2 Re2 102. Rxe2 Kxe2 103. Kg2 Ke3 104. Kxg3 1/2-1/2

[Event "Early-Titled-Tuesday-Blitz-August-29-2023"]
[Site "Chess.com"]
[Date "2023.08.29"]
[Round "5"]
[White "tsaruk_maks"]
[Black "YEIKO2017"]
[Result "1-0"]
[WhiteElo "2753"]
[BlackElo "2466"]
[TimeControl "180+1"]
[EndTime "8:49:14 PDT"]
[Termination "tsaruk_maks won by checkmate"]

1. e4 c5 2. Nf3 Nf6 3. e5 Nd5 4. Nc3 Nxc3 5. dxc3 Nc6 6. Bf4 Qb6 7. b3 Qc7 8. Qd2 e6 9. Bc4 a6 10. a4 b6 11. O-O-O Bb7 12. Kb2 b5 13. axb5 axb5 14. Bxb5 Qa5 15. Qxd7# 1-0

[Event "Early-Titled-Tuesday-Blitz-August-29-2023"]
[Site "Chess.com"]
[Date "2023.08.29"]
[Round "5"]
[White "AleksandraMilovic"]
[Black "Mikedannnn"]
[Result "0-1"]
[WhiteElo "2097"]
[BlackElo "2580"]
[TimeControl "180+1"]
[EndTime "8:49:32 PDT"]
[Termination "Mikedannnn won by resignation"]

1. e4 c5 2. Nf3 e6 3. c4 b6 4.
Nc3 Bb7 5. d4 cxd4 6. Nxd4 a6 7. Be2 Qc7 8. O-O Nf6 9. f3 Bd6 10.
h3 Nh5 11. Be3 Bh2+ 0-1

[Event "Early-Titled-Tuesday-Blitz-August-29-2023"]
[Site "Chess.com"]
[Date "2023.08.29"]
[Round "5"]
[White "Eternauta2400"]
[Black "ybothg"]
[Result "1-0"]
[WhiteElo "2790"]
[BlackElo "2486"]
[TimeControl "180+1"]
[EndTime "8:49:37 PDT"]
[Termination "Eternauta2400 won by resignation"]

1. c4 Nf6 2. Nc3 c5 3. Nf3 Nc6 4. d4 cxd4 5. Nxd4 g6 6. g3 Bg7 7. Bg2 O-O 8. O-O a6 9. c5 Qc7 10. Nb3 Rd8 11. Bf4 e5 12. Bg5 d6 13. Bxf6 Bxf6 14. Nd5 Qe7 15. Nxe7+ 1-0

[Event "Early-Titled-Tuesday-Blitz-August-29-2023"]
[Site "Chess.com"]
[Date "2023.08.29"]
[Round "5"]
[White "YouJustFoundYourGodfather"]
[Black "Roedor"]
[Result "1-0"]
[WhiteElo "2588"]
[BlackElo "2425"]
[TimeControl "180+1"]
[EndTime "8:49:41 PDT"]
[Termination "YouJustFoundYourGodfather won by resignation"]

1. b3 e5 2. Bb2 Nc6 3. e3 Nf6 4. Nf3 e4 5. Nd4 Nxd4 6. Bxd4 d5 7. c4 Be6 8. Nc3 dxc4 9. Bxc4 Bxc4 10. bxc4 Bb4 11.
Qa4+ 1-0

[Event "Early-Titled-Tuesday-Blitz-August-29-2023"]
[Site "Chess.com"]
[Date "2023.08.29"]
[Round "5"]
[White "rochaaaaaaaaaa"]
[Black "pedromartinez91"]
[Result "0-1"]
[WhiteElo "2215"]
[BlackElo "2451"]
[TimeControl "180+1"]
[EndTime "8:49:58 PDT"]
[Termination "pedromartinez91 won by resignation"]

1. e4 e6 2. d4 d5 3. Nc3 Nf6 4. e5 Ne4 5. Nxe4 dxe4 6. Bc4 Qd7 7. Ne2 c5 8. d5 b5 9. dxe6 Qxd1+ 10. Kxd1 bxc4 11. exf7+ Kxf7 12. Ng3 Bg4+ 13. Ke1 Nc6 14. Be3 Nxe5 0-1

[Event "Early-Titled-Tuesday-Blitz-August-29-2023"]
[Site "Chess.com"]
[Date "2023.08.29"]
[Round "5"]
[White "DenLaz"]
[Black "carokannlover213"]
[Result "1-0"]
[WhiteElo "3043"]
[BlackElo "2714"]
[TimeControl "180+1"]
[EndTime "8:50:21 PDT"]
[Termination "DenLaz won by resignation"]

1. d4 Nf6 2. c4 e6 3. Nf3 b6 4. g3 Ba6 5. b3 Bb4+ 6. Bd2 Be7 7.
Bg2 O-O 8. O-O d5 9. cxd5 exd5 10. Nc3 Re8 11. Ne5 Bb7 12. Rc1 Nbd7 13. Bf4 Bd6 14.
Nxd7 Qxd7 15. Bxd6 cxd6 16. e3 Rac8 17. Qd3 Ne4 18.
Ne2 a5 19. Nf4 a4 20. Bh3 Qe7 21. Bxc8 Bxc8 22. Nxd5 Qg5 23. Qxe4 1-0

[Event "Early-Titled-Tuesday-Blitz-August-29-2023"]
[Site "Chess.com"]
[Date "2023.08.29"]
[Round "5"]
[White "chito89"]
[Black "Boundless_Strike"]
[Result "0-1"]
[WhiteElo "2827"]
[BlackElo "2538"]
[TimeControl "180+1"]
[EndTime "8:50:23 PDT"]
[Termination "Boundless_Strike won by resignation"]

1. d4 e5 2. c4 d6 3. Nc3 Bg4 4.
dxe5 Nc6 5. exd6 Bxd6 6. Nf3 Qe7 7. Bg5 f6 8. Bh4 O-O-O 9. Qc2 Nb4 10. Qb3 g5 11. Bg3 Bxg3 12. hxg3 Nd3+ 0-1

[Event "Early-Titled-Tuesday-Blitz-August-29-2023"]
[Site "Chess.com"]
[Date "2023.08.29"]
[Round "5"]
[White "jaskol95"]
[Black "Kezin_Roman"]
[Result "0-1"]
[WhiteElo "2565"]
[BlackElo "2800"]
[TimeControl "180+1"]
[EndTime "8:50:49 PDT"]
[Termination "Kezin_Roman won by resignation"]

1. e4 Nc6 2. Nf3 d5 3. exd5 Qxd5 4. Nc3 Qh5 5. d4 Bg4 6. d5 O-O-O 7. Bc4 e6 8. Be3 exd5 9. Bxd5 Nf6 10. Bxc6 Rxd1+ 11. Rxd1 bxc6 12. Bxa7 Bxf3 13. gxf3 Qxf3 14. Rg1 Bd6 15.
Rd3 Re8+ 16. Kf1 Qf5 17. Be3 Ng4 18. Ke2 Qxf2+ 19. Kd1 Nxe3+ 0-1

[Event "Early-Titled-Tuesday-Blitz-August-29-2023"]
[Site "Chess.com"]
[Date "2023.08.29"]
[Round "5"]
[White "YellowJacek"]
[Black "bazar-wokzal"]
[Result "0-1"]
[WhiteElo "2355"]
[BlackElo "2588"]
[TimeControl "180+1"]
[EndTime "8:50:59 PDT"]
[Termination "bazar-wokzal won by resignation"]

1. d4 Nf6 2. c4 Nc6 3. Nc3 e5 4.
dxe5 Nxe5 5. e4 Bc5 6. h3 O-O 7.
Be2 d6 8. Nf3 Nxf3+ 9. Bxf3 Be6 10. b3 Re8 11. O-O Nd7 12. Bb2 Qh4 13. Be2 Bxh3 14. gxh3 Qg3+ 15. Kh1 Qxh3+ 16. Kg1 Re6 0-1

[Event "Early-Titled-Tuesday-Blitz-August-29-2023"]
[Site "Chess.com"]
[Date "2023.08.29"]
[Round "5"]
[White "NovikovaGalina"]
[Black "frequentblunders"]
[Result "1-0"]
[WhiteElo "2396"]
[BlackElo "2118"]
[TimeControl "180+1"]
[EndTime "8:51:09 PDT"]
[Termination "NovikovaGalina won by resignation"]

1. e4 e6 2. Nf3 c5 3. e5 Nc6 4. c3 d5 5. b4 cxb4 6. a3 bxc3 7.
d4 Nge7 8. Bd3 Nf5 9. Bc2 Qb6 10.
Bxf5 exf5 11. Nxc3 Be6 12. O-O Be7 13. Rb1 Qa6 14.
Nb5 O-O 15. Nc7 Qa5 16. Nxa8 Rxa8 17. Rxb7 Bxa3 18. Bxa3 Qxa3 19. Qc1 Nb4 20. Qxa3 1-0

[Event "Early-Titled-Tuesday-Blitz-August-29-2023"]
[Site "Chess.com"]
[Date "2023.08.29"]
[Round "5"]
[White "wild3000"]
[Black "ChEsper99"]
[Result "1-0"]
[WhiteElo "2341"]
[BlackElo "2116"]
[TimeControl "180+1"]
[EndTime "8:51:09 PDT"]
[Termination "wild3000 won by checkmate"]

1. a3 f6 2. e4 Kf7 3. d4 g6 4. h4 Bg7 5. h5 e6 6. h6 Bf8 7. Nf3 d5 8. e5 Be7 9. c4 dxc4 10. Bxc4 c5 11. d5 b5 12. dxe6+ Bxe6 13. Bxe6+ Kxe6 14. Qb3+ Qd5 15. Qxb5 fxe5 16. Nc3 Qc6 17. Qc4+ Kf5 18.
g4+ Kf6 19. Bg5# 1-0

[Event "Early-Titled-Tuesday-Blitz-August-29-2023"]
[Site "Chess.com"]
[Date "2023.08.29"]
[Round "5"]
[White "ChessArchitect64"]
[Black "colegiodemadrid"]
[Result "0-1"]
[WhiteElo "2229"]
[BlackElo "2427"]
[TimeControl "180+1"]
[EndTime "8:51:11 PDT"]
[Termination "colegiodemadrid won by resignation"]

1. c4 Nf6 2. Nc3 g6 3. e3 Bg7 4. d3 O-O 5. Nf3 d6 6. Be2 e5 7. O-O Re8 8. Rb1 a5 9. a3 Nbd7 10. Qc2 Nf8 11. b4 axb4 12. axb4 h5 13. e4 Bg4 14. Bg5 Ne6 15. Bxf6 Bxf6 16. Nd5 Bg7 17. Ne3 Bxf3 18. Bxf3 Nd4 19. Qd1 Ra2 20. g3 Rd2 21. Bg2 Rxd1 22. Rfxd1 Ne2+ 23. Kf1 Nc3 0-1

[Event "Early-Titled-Tuesday-Blitz-August-29-2023"]
[Site "Chess.com"]
[Date "2023.08.29"]
[Round "5"]
[White "NasirAkylbekov"]
[Black "gshwbedhkhd"]
[Result "1-0"]
[WhiteElo "2467"]
[BlackElo "2579"]
[TimeControl "180+1"]
[EndTime "8:51:13 PDT"]
[Termination "NasirAkylbekov won by resignation"]

1. e4 c5 2. Nf3 e6 3. Nc3 Nc6 4.
d4 cxd4 5. Nxd4 Nf6 6. Nxc6 bxc6 7.
Bd3 d5 8. Qe2 Be7 9. O-O O-O 10.
b3 Rb8 11. Bb2 c5 12. Rfe1 c4 13. exd5 cxd3 14. Qxd3 Nxd5 15. Nxd5 exd5 16. Qg3 Bf6 17. Bxf6 Qxf6 18. Qxb8 Bf5 19. Qc7 Be4 20. f3 Qd4+ 21. Kh1 Bf5 22. Rad1 Qf2 23. Qe5 Qxc2 24. Rxd5 Be6 25.
Ra5 Rd8 26. h3 h6 27. Rxa7 Rd2 28. Ra8+ Kh7 29. Qe4+ Qxe4 30. Rxe4 Bd5 31. Rd8 1-0

[Event "Early-Titled-Tuesday-Blitz-August-29-2023"]
[Site "Chess.com"]
[Date "2023.08.29"]
[Round "5"]
[White "koncheto"]
[Black "reniite"]
[Result "1-0"]
[WhiteElo "2527"]
[BlackElo "2319"]
[TimeControl "180+1"]
[EndTime "8:51:13 PDT"]
[Termination "koncheto won by resignation"]

1. e4 e5 2. Nf3 Nf6 3. Nxe5 d6 4. Nf3 Nxe4 5. d4 d5 6. Bd3 Bd6 7. O-O O-O 8. h3 h6 9. c4 c6 10. Nc3 Nxc3 11. bxc3 dxc4 12. Bxc4 Nd7 13. Re1 Nb8 14. Rb1 Nd7 15. a4 Qa5 16. Qb3 Nb6 17. Bxf7+ Rxf7 18. Re8+ Bf8 19. Ne5 Nd5 20. Ba3 Qxc3 21. Nxf7 Qxb3 22.
Rxf8+ Kh7 23. Rxb3 1-0

[Event "Early-Titled-Tuesday-Blitz-August-29-2023"]
[Site "Chess.com"]
[Date "2023.08.29"]
[Round "5"]
[White "Gauravthegm"]
[Black "AndreiITrifan"]
[Result "0-1"]
[WhiteElo "2419"]
[BlackElo "2565"]
[TimeControl "180+1"]
[EndTime "8:51:16 PDT"]
[Termination "AndreiITrifan won by resignation"]

1. e4 d6 2. d4 Nf6 3. Bd3 g6 4. Nf3 Bg7 5. h3 O-O 6. O-O c5 7. c3 Nc6 8. d5 Nb8 9. Re1 a6 10. c4 b5 11. cxb5 axb5 12. Bxb5 Ba6 13. Bxa6 Nxa6 14.
Nc3 Nd7 15. Bd2 Nb4 16. Qe2 Nc2 17. Rec1 Nxa1 18. Rxa1 Qb6 19. b3 Rfc8 20. Qc4 Qb4 21. a3 Qxc4 22. bxc4 Nb6 23. e5 Nxc4 24. Re1 Nxd2 25.
Nxd2 Bxe5 0-1

[Event "Early-Titled-Tuesday-Blitz-August-29-2023"]
[Site "Chess.com"]
[Date "2023.08.29"]
[Round "5"]
[White "suyu28"]
[Black "LileKoridze"]
[Result "0-1"]
[WhiteElo "2722"]
[BlackElo "2355"]
[TimeControl "180+1"]
[EndTime "8:51:19 PDT"]
[Termination "LileKoridze won by checkmate"]

1. d4 Nf6 2. Bf4 d5 3. e3 e6 4. Nd2 Bd6 5. Bg3 O-O 6. Ngf3 c5 7. c3 Nc6 8. Bd3 Qc7 9. dxc5 Bxg3 10. hxg3 h6 11. Qe2 a5 12. a4 e5 13. e4 d4 14.
cxd4 exd4 15. e5 Ng4 16. Qe4 g6 17. Qf4 Ncxe5 18. Kf1 Qxc5 19. Be4 h5 20. Kg1 Kg7 21. Nb3 Qb4 22. Nbxd4 Qxb2 23. Rb1 Qxf2# 0-1

[Event "Early-Titled-Tuesday-Blitz-August-29-2023"]
[Site "Chess.com"]
[Date "2023.08.29"]
[Round "5"]
[White "MarcoRiehle"]
[Black "BrandonJacobson"]
[Result "0-1"]
[WhiteElo "2827"]
[BlackElo "3009"]
[TimeControl "180+1"]
[EndTime "8:51:52 PDT"]
[Termination "BrandonJacobson won by resignation"]

1. e4 c5 2. a3 g6 3. h4 d5 4.
exd5 Nf6 5. h5 Nxh5 6. c4 Nf6 7. d4 cxd4 8. Nf3 Bg7 9. Nxd4 e6 10. dxe6 O-O 11. exf7+ Rxf7 12. Nc3 Rd7 13. Be3 Nc6 14. Nd5 Nxd5 15. cxd5 Qa5+ 16. b4 Qxd5 17. Nxc6 Bc3+ 18. Ke2 Qc4+ 0-1